[Event "Early-Titled-Tuesday-Blitz-February-20-2024"]
[Site "Chess.com"]
[Date "2024.02.20"]
[Round "9"]
[White "HamedWafa4"]
[Black "Manukyan_Artak"]
[Result "1-0"]
[WhiteElo "2718"]
[BlackElo "2554"]
[TimeControl "180+1"]
[EndTime "9:47:37 PST"]
[Termination "HamedWafa4 won on time"]

1. e4 c6 2. d4 d5 3. e5 Bf5 4. h4 h5 5. Bd3 Bxd3 6. Qxd3 Qa5+ 7. Nd2 Qa6 8. e6 Qxd3 9. exf7+ Kxf7 10. cxd3 e6 11. Nh3 Nd7 12. Ng5+ Ke7 13. O-O Re8 14. Re1 Kf6 15. Ndf3 Bd6 16. Bd2 Nh6 17. Re2 Nf7 18. Rae1 Nf8 19. Ne5 Bxe5 20. dxe5+ Kg6 21. Nh3 Kh7 22.
d4 Ng6 23. g3 b6 24. b4 Rc8 25. Be3 Rc7 26. Rc2 Rhc8 27. Rec1 Ne7 28. f4 Kg8 29. a4 a6 30. Kg2 Kf8 31. Bf2 Ke8 32.
Rb1 Kd7 33. a5 b5 34. Ng1 Nf5 35. Rbc1 g6 36. Nf3 N5h6 37. Ne1 Nd8 38. Nd3 Nb7 39. Rf1 Ke7 40. Be1 Rf8 41. Bc3 Nf5 42. Re2 Rf7 43. Ne1 Nh6 44. Nf3 Rf5 45. Nh2 Rc8 46. Bd2 Nd8 47.
Be3 Ke8 48. Nf3 Nhf7 49. Rc2 Rc7 50. Rfc1 Kd7 51. Nh2 Nh6 52. Kf1 Ndf7 53. Ke2 Nh8 54. Kd2 Rc8 55. Nf3 N6f7 56. Ne1 Nh6 57. Nd3 Ng4 58.
Nc5+ 1-0

[Event "Early-Titled-Tuesday-Blitz-February-20-2024"]
[Site "Chess.com"]
[Date "2024.02.20"]
[Round "9"]
[White "VinzentSpitzl"]
[Black "Licancabur"]
[Result "0-1"]
[WhiteElo "2534"]
[BlackElo "2433"]
[TimeControl "180+1"]
[EndTime "9:47:39 PST"]
[Termination "Licancabur won by checkmate"]

1. e4 Nf6 2. e5 Nd5 3. d4 d6 4.
Nf3 g6 5. Bc4 Nb6 6. Bb3 Bg7 7.
O-O O-O 8. Nc3 Nc6 9. exd6 cxd6 10. h3 Bf5 11. Re1 Rc8 12. Bg5 h6 13. Bh4 g5 14. Bg3 Bg6 15. Qe2 Re8 16. Rad1 e6 17. Nb5 Bf8 18. c3 a6 19. Na3 d5 20. Bc2 f5 21. Ne5 Nxe5 22. Bxe5 Nd7 23. Nb1 Nxe5 24.
Qxe5 Bd6 25. Qe2 Qb6 26. Bd3 Re7 27. Qc2 Bh5 28. Rc1 Rf8 29. Nd2 Bf4 30. Rb1 Qc7 31. Nf1 Bd6 32. c4 Rc8 33. c5 Bf4 34. g3 Bf3 35.
gxf4 gxf4 36. Nd2 Rg7+ 37. Kf1 Rg1+ 38. Kxg1 Qg7+ 39. Kf1 Qg2# 0-1

[Event "Early-Titled-Tuesday-Blitz-February-20-2024"]
[Site "Chess.com"]
[Date "2024.02.20"]
[Round "9"]
[White "komogro"]
[Black "carloseduar100"]
[Result "0-1"]
[WhiteElo "2513"]
[BlackElo "2367"]
[TimeControl "180+1"]
[EndTime "9:47:39 PST"]
[Termination "carloseduar100 won on time"]

1. e4 e6 2. d4 d5 3. Nc3 Nf6 4. exd5 exd5 5. Bd3 Bb4 6. Ne2 O-O 7. O-O Nc6 8. Bg5 h6 9. Bxf6 gxf6 10. Qc1 Kg7 11. Ng3 f5 12. Bxf5 Nxd4 13. Bxc8 Rxc8 14. Qf4 Bxc3 15.
bxc3 Ne6 16. Nf5+ Kg6 17. Qxh6+ Kxf5 18. f3 Qg5 19. g4+ Kf4 20. Qh3 Ke5 21. Qg3+ Qf4 22. Rfe1+ Kd6 23. Qf2 Rh8 24. Rad1 c6 25. c4 Qxc4 26.
Qg3+ Kd7 27. Qe5 Qxc2 28. Rb1 Qxh2+ 29. Qxh2 Rxh2 30. Kxh2 b5 31. Kg3 Kd6 32. f4 Nc5 33.
Rh1 Ne4+ 34. Kf3 f6 35. Rbd1 a5 36. Rh6 Kc5 37. Rc1+ Kb6 38. Rg6 Rh8 39. g5 fxg5 40. fxg5 Rh3+ 41. Kg4 Rg3+ 42. Kf5 b4 43. Rcxc6+ Kb5 44. Rb6+ Ka4 45. Rge6 Rxg5+ 46. Kf4 Rg2 47. Re5 Nc3 48.
Ree6 Rxa2 49. Ra6 Re2 50. Kf3 Rxe6 51. Rxe6 Kb3 52. Ke3 a4 53. Ra6 a3 54. Kd3 Kb2 55. Rb6 b3 56. Kd2 a2 57. Ra6 d4 58. Kd3 a1=Q 59. Rxa1 Kxa1 60. Kxd4 Na2 0-1

[Event "Early-Titled-Tuesday-Blitz-February-20-2024"]
[Site "Chess.com"]
[Date "2024.02.20"]
[Round "9"]
[White "cthake"]
[Black "aldebaran52"]
[Result "1/2-1/2"]
[WhiteElo "1784"]
[BlackElo "2184"]
[TimeControl "180+1"]
[EndTime "9:47:39 PST"]
[Termination "Game drawn by repetition"]

1. e4 c5 2. b3 e6 3. Bb2 Nc6 4. d3 Nf6 5. f4 d5 6. e5 Nd7 7. Nf3 Be7 8. g3 b6 9. Bg2 Bb7 10. O-O g6 11. Nbd2 h5 12. h3 d4 13. Ne4 Qc7 14. Nfg5 Nb4 15. a3 Nd5 16. Bc1 Rc8 17. Bd2 a6 18. a4 Ne3 19. Bxe3 dxe3 20. Qe2 Bxg5 21. Nxg5 Bxg2 22. Kxg2 h4 23. g4 Qc6+ 24. Nf3 Kd8 25. Qxe3 Kc7 26. Rad1 Rcd8 27. Qf2 g5 28. d4 gxf4 29. Kh2 cxd4 30. Rxd4 Nc5 31. Rxf4 Rd7 32. Nd4 Qb7 33. Rxf7 Rd8 34. c3 Qe4 35. Qf4 Rxf7 36.
Qxe4 Nxe4 37. Rxf7+ Kc8 38. Ra7 Nxc3 39. Nxe6 Rd2+ 40.
Kg1 Ne2+ 41. Kf1 Ng3+ 42. Ke1 Re2+ 43. Kd1 Rxe5 44. Ng7 Re3 45. Nf5 Nxf5 46. gxf5 Rxb3 47. a5 bxa5 48. Rxa6 Rxh3 49. Rxa5 Rf3 50. Ke2 Rf4 51.
Ke3 Rf1 52. Ke2 Rf4 53. Ke3 Rf1 54. Ke2 Rf4 1/2-1/2

[Event "Early-Titled-Tuesday-Blitz-February-20-2024"]
[Site "Chess.com"]
[Date "2024.02.20"]
[Round "9"]
[White "Oleksandr_Bortnyk"]
[Black "Hovik_Hayrapetyan"]
[Result "1-0"]
[WhiteElo "3080"]
[BlackElo "2908"]
[TimeControl "180+1"]
[EndTime "9:47:42 PST"]
[Termination "Oleksandr_Bortnyk won on time"]

1. d4 Nf6 2. Nc3 d5 3. Bf4 a6 4. e3 e6 5. a3 c5 6. Nf3 Nc6 7. Bd3 Bd6 8. dxc5 Bxc5 9. O-O Qe7 10. e4 d4 11. Ne2 e5 12. Bd2 O-O 13. Ng3 Re8 14.
h3 Be6 15. Ng5 Bd7 16. Qe2 h6 17. Nf3 Nh7 18. Nh2 Ng5 19. Qh5 Ne6 20. Nf5 Qf6 21. f4 Nxf4 22. Bxf4 exf4 23. Rxf4 Qg5 24. Nxg7 Qxf4 25.
Nxe8 Be7 26. Rf1 Qe3+ 27. Kh1 Bxe8 28. Bc4 Qg5 29. Bxf7+ Bxf7 30. Qxf7+ Kh8 31. Nf3 Qg7 32. Qe6 Rg8 33. g4 Rf8 34. Kg2 d3 35. cxd3 Qxb2+ 36. Rf2 Qf6 37. Qd5 Kg7 38. e5 Qf4 39. Rb2 Bh4 40.
Nxh4 Qf1+ 41. Kh2 Rf2+ 42. Rxf2 Qxf2+ 43. Ng2 Ne7 44. Qxb7 Kf7 45. Qxa6 Qe3 46. Qf6+ 1-0

[Event "Early-Titled-Tuesday-Blitz-February-20-2024"]
[Site "Chess.com"]
[Date "2024.02.20"]
[Round "9"]
[White "Sam_ChessMood"]
[Black "Polish_fighter3000"]
[Result "1/2-1/2"]
[WhiteElo "2947"]
[BlackElo "3055"]
[TimeControl "180+1"]
[EndTime "9:47:44 PST"]
[Termination "Game drawn by repetition"]

1. d4 Nf6 2. c4 e6 3. Nf3 d5 4. Nc3 Bb4 5. Bg5 dxc4 6. e4 b5 7.
a4 c5 8. axb5 cxd4 9. Nxd4 h6 10. Bxf6 Qxf6 11. Bxc4 O-O 12. O-O Bb7 13. Qb3 Bc5 14.
Nf3 Nd7 15. Be2 Rfd8 16. Na4 Bf8 17. Qe3 g5 18. h3 Rac8 19. Rac1 Nb6 20. Nxb6 axb6 21.
e5 Qf4 22. Qxf4 gxf4 23. Rfd1 Rxc1 24. Rxc1 Bxf3 25. Bxf3 Rd2 26. Rc7 Bc5 27. Bh5 Bxf2+ 28. Kf1 Bd4 29. Bxf7+ Kf8 30. Bxe6 Bxe5 31. Rd7 Rxb2 32.
Bc4 Rc2 33. Be2 Rc3 34. Kf2 Bf6 35. Rd3 Rxd3 36. Bxd3 Be7 37. Kf3 Bd6 38. Ke4 Kg7 39.
Kd5 Bc5 40. Ke5 Be3 41. Ke4 Bd2 42. Kf3 Kf6 43. Bc4 Kg5 44. Be2 Kh4 45. Bf1 Bc1 46.
Be2 Bd2 47. Bd3 Bc1 48. Be2 Bd2 1/2-1/2

[Event "Early-Titled-Tuesday-Blitz-February-20-2024"]
[Site "Chess.com"]
[Date "2024.02.20"]
[Round "9"]
[White "BallottiLuca"]
[Black "Zallio"]
[Result "0-1"]
[WhiteElo "2369"]
[BlackElo "2170"]
[TimeControl "180+1"]
[EndTime "9:47:44 PST"]
[Termination "Zallio won on time"]

1. d4 d5 2. Nc3 Nf6 3. Bf4 e6 4. Nb5 Na6 5. e3 c6 6. Nc3 b5 7. Nf3 Bd6 8. Ne5 Bb7 9. Be2 O-O 10. O-O Qc7 11. Bg3 Nb8 12. f4 Nbd7 13. a4 b4 14. Nb1 a5 15. Nd2 c5 16. c3 c4 17.
h3 Rfe8 18. Bh2 Nf8 19. g4 Ng6 20. Qe1 Rac8 21. h4 Ne7 22. h5 Nd7 23. h6 g6 24.
Qh4 Nc6 25. Kf2 Be7 26. Qh3 f6 27. Nxg6 hxg6 28. f5 Bd6 29. Rh1 exf5 30. gxf5 g5 31. Qh5 Re7 32. Qg6+ Kh8 33. Nf3 Rg8 34. Qh5 g4 35.
Nh4 g3+ 36. Kf1 Kh7 37. Ng6 Rxe3 38. Bg1 Ree8 39. Re1 Ne7 40. Rh2 Nxf5 41. Rg2 Rxg6 42. Bg4 Rxe1+ 43. Kxe1 Nf8 44. Bxf5 Qe7+ 45. Kd1 Qf7 46.
Bxg6+ Qxg6 47. Qxg6+ Nxg6 48. Be3 f5 49. Ke2 f4 50. Bd2 Bc8 51. Kf3 Nh4+ 52. Ke2 Nxg2 0-1

[Event "Early-Titled-Tuesday-Blitz-February-20-2024"]
[Site "Chess.com"]
[Date "2024.02.20"]
[Round "9"]
[White "averageFM"]
[Black "IndianSchoolOfSuffering"]
[Result "1-0"]
[WhiteElo "2630"]
[BlackElo "2444"]
[TimeControl "180+1"]
[EndTime "9:47:45 PST"]
[Termination "averageFM won on time"]

1. d4 Nf6 2. Nc3 d5 3. e4 dxe4 4. f3 e3 5. Bxe3 c6 6. Qd2 Nd5 7.
Nxd5 cxd5 8. O-O-O Nc6 9. Bb5 Qb6 10. Bxc6+ bxc6 11. c4 Be6 12. c5 Qb5 13. Ne2 Bf5 14.
Nc3 Qc4 15. g4 Bg6 16. f4 Be4 17. b3 Qa6 18. Nxe4 dxe4 19. Kb2 g6 20. f5 Bg7 21.
Bh6 O-O 22. Bxg7 Kxg7 23. h4 f6 24. g5 fxg5 25. fxg6 hxg6 26. h5 Rf5 27. d5 Raf8 28.
Qd4+ R8f6 29. Kb1 Rxd5 30. Qc3 Rd3 31. Qe5 Qb7 32. Qxg5 Rxd1+ 33. Rxd1 Qc7 34. hxg6 Qf4 35. Qh5 Rxg6 36. Rd8 Qf1+ 37. Rd1 Qf3 38. Qe5+ Rf6 39. Rg1+ Kf7 40. Qg5 Qd3+ 41. Kb2 Qd4+ 42. Ka3 Rf2 43. Qg8+ Kf6 44. Qg7+ Ke6 45. Qxd4 1-0

[Event "Early-Titled-Tuesday-Blitz-February-20-2024"]
[Site "Chess.com"]
[Date "2024.02.20"]
[Round "9"]
[White "AniJak"]
[Black "TitarovVasiliYouTube"]
[Result "1-0"]
[WhiteElo "2364"]
[BlackElo "2510"]
[TimeControl "180+1"]
[EndTime "9:47:45 PST"]
[Termination "AniJak won on time"]

1. e4 c5 2. Nc3 a6 3. g3 b5 4. Bg2 Bb7 5. Nge2 Nc6 6. O-O e6 7. d4 cxd4 8. Nxd4 Nxd4 9. Qxd4 Ne7 10. Be3 Nc6 11. Qd2 Be7 12. Rad1 Ne5 13. b3 d6 14. h3 O-O 15. f4 Nc6 16. a4 b4 17. Ne2 Rc8 18. c4 bxc3 19. Nxc3 Qa5 20. Na2 Qxd2 21. Rxd2 Na5 22. Rb1 Rc6 23. e5 d5 24. f5 Rfc8 25.
g4 Rc2 26. Rb2 Rxb2 27. Rxb2 Ba3 28. Rb1 Rc2 29. Bb6 Nc6 30. Ra1 Nxe5 31. b4 Nd3 32.
b5 axb5 33. axb5 Nf4 34. Bh1 Nxh3+ 35. Kf1 Nf4 36. Bd4 Rd2 37. Nc3 Bf8 38. Be3 Rd3 39.
Bxf4 Rxc3 40. Ra7 Rc4 41. Be5 Bc8 42. fxe6 fxe6 43. Ra8 Kf7 44. b6 Bd7 45. Ra7 1-0

[Event "Early-Titled-Tuesday-Blitz-February-20-2024"]
[Site "Chess.com"]
[Date "2024.02.20"]
[Round "9"]
[White "SirGerhard"]
[Black "dmosesov"]
[Result "0-1"]
[WhiteElo "2733"]
[BlackElo "2615"]
[TimeControl "180+1"]
[EndTime "9:47:46 PST"]
[Termination "dmosesov won by resignation"]

1. e4 Nf6 2. Nc3 d5 3. e5 d4 4. Nce2 Ng4 5. c3 d3 6. Nf4 Nxe5 7. Nf3 Nbc6 8. Nxe5 Nxe5 9. Qa4+ c6 10. Qe4 Ng6 11. Nxd3 e5 12. h4 f5 13. Qe3 e4 14. h5 Ne7 15.
Nf4 Nd5 16. Qg3 Nxf4 17. Qxf4 Bd6 18. Qe3 Qe7 19. d4 f4 20. Qe2 Bd7 21. Bd2 O-O-O 22. O-O-O Rde8 23. Be1 Rhf8 24. Qc4 Be6 25. Qa4 Kb8 26.
Be2 Qf7 27. Kb1 f3 28. gxf3 exf3 29. Bd3 Bf5 30. Qc2 Re2 31. Bxf5 Rxc2 32. Bxc2 h6 33. Bd2 Bf4 34. Rhg1 Bxd2 35. Rxd2 Qxh5 36. Rxg7 a5 37. a4 Re8 38. Bd3 Re1+ 39. Ka2 Qd5+ 40. c4 Qxd4 41.
Rf7 Re2 42. Bxe2 Qxd2 43. Bxf3 Qxf2 44. Bh5 Qc5 45. Rf4 Qxh5 46. Rf8+ Ka7 47. Rf4 Qg5 48.
Re4 h5 49. Re8 h4 50. Rh8 Qg4 51. Kb3 h3 52. c5 Qg3+ 53. Kc4 h2 0-1

[Event "Early-Titled-Tuesday-Blitz-February-20-2024"]
[Site "Chess.com"]
[Date "2024.02.20"]
[Round "9"]
[White "Genghis_K"]
[Black "BogdanDeac"]
[Result "0-1"]
[WhiteElo "2932"]
[BlackElo "3054"]
[TimeControl "180+1"]
[EndTime "9:47:47 PST"]
[Termination "BogdanDeac won on time"]

1. e4 e5 2. Nf3 Nc6 3. d4 exd4 4. Nxd4 Nf6 5. Nxc6 bxc6 6. Bd3 d6 7. O-O g6 8. Qe2 Qe7 9. Re1 Bg7 10. e5 dxe5 11.
Qxe5 Qxe5 12. Rxe5+ Be6 13. Rc5 O-O-O 14. Rxc6 Rhe8 15. Nc3 Rxd3 16. Bf4 Rd7 17. Nb5 Nd5 18. Nd6+ Rxd6 19. Bxd6 Kd7 20. Ra6 cxd6 21. Rxa7+ Nc7 22. c3 Rb8 23. b3 Kc6 24. Rc1 Nb5 25. Ra6+ Rb6 26.
Rxb6+ Kxb6 27. c4 Nc3 28. Rc2 Kc5 29. Rd2 Be5 30. g3 g5 31. f3 Kb4 32. Kf2 f5 33.
h4 h6 34. hxg5 hxg5 35. Rd3 Nxa2 36. Rd1 Nc3 37. Re1 Kxb3 38. c5 Bd5 39. cxd6 Bxd6 40. Re8 g4 41. fxg4 fxg4 42. Rd8 Bc5+ 43. Kf1 Bf3 44. Rb8+ Kc4 45. Rd8 Ne4 46. Ke1 Nxg3 47. Rd4+ Bxd4 0-1

[Event "Early-Titled-Tuesday-Blitz-February-20-2024"]
[Site "Chess.com"]
[Date "2024.02.20"]
[Round "9"]
[White "FairChess_on_YouTube"]
[Black "snowlord"]
[Result "1-0"]
[WhiteElo "3068"]
[BlackElo "2887"]
[TimeControl "180+1"]
[EndTime "9:47:47 PST"]
[Termination "FairChess_on_YouTube won on time"]

1. d4 d5 2. c4 c6 3. Nf3 Nf6 4. Qc2 g6 5. cxd5 cxd5 6. Bf4 Nc6 7. e3 Bf5 8. Qb3 Na5 9. Bb5+ Bd7 10. Qa4 a6 11. Bxd7+ Nxd7 12. O-O b5 13. Qd1 e6 14. Qe2 Be7 15. a4 Nb3 16. Ra2 Rc8 17. Qd1 Na5 18. axb5 axb5 19. Qe2 Nc4 20. b3 Nd6 21. Na3 b4 22.
Nb5 Ne4 23. Ra7 O-O 24. h4 Ra8 25. Rfa1 Rxa7 26. Rxa7 Ndf6 27. Ne5 Qe8 28. Bh6 Nc3 29. Nxc3 bxc3 30. Qc2 Ne4 31. f3 Ng3 32. Kh2 Nf1+ 33. Kh3 f6 34. Bxf8 Bxf8 35. Nd7 Qf7 36. Qxc3 e5 37.
Qc8 Qe6+ 38. g4 Qe7 39. Qxf8+ Qxf8 40. Nxf8 Kxf8 41. dxe5 fxe5 42. b4 Nxe3 43. b5 Nc4 44.
Rxh7 d4 45. Kg2 Ke8 46. Kf2 d3 47. h5 gxh5 48. gxh5 d2 49. Ke2 1-0

[Event "Early-Titled-Tuesday-Blitz-February-20-2024"]
[Site "Chess.com"]
[Date "2024.02.20"]
[Round "9"]
[White "Der_Balak_3Halak"]
[Black "BilicVladimir"]
[Result "0-1"]
[WhiteElo "2452"]
[BlackElo "2647"]
[TimeControl "180+1"]
[EndTime "9:47:47 PST"]
[Termination "BilicVladimir won by resignation"]

1. e4 c6 2. d4 d5 3. exd5 cxd5 4. Nf3 Nc6 5. Bb5 Bg4 6. O-O e6 7. Bf4 Bd6 8. Bxd6 Qxd6 9. Nbd2 Ne7 10. h3 Bh5 11. c3 O-O 12. Qe2 Bg6 13. Rfe1 a6 14. Bd3 b5 15. Ne5 Nxe5 16. dxe5 Qb6 17. Nf3 Rfc8 18. Rad1 b4 19. cxb4 Bxd3 20. Qxd3 Qxb4 21.
b3 Rc3 22. Qd4 a5 23. Rc1 Rac8 24. Rxc3 Qxc3 25. Rd1 h5 26. Qxc3 Rxc3 27. Nd4 Ng6 28. Re1 Rd3 29. Nc6 Rd2 30. a4 Rb2 31. Nxa5 Nf4 32.
Ra1 d4 33. Nc6 d3 34. a5 d2 35. Rd1 Rc2 36. Kh2 Rxc6 37. Rxd2 Nd5 38. Ra2 Ra6 39.
Ra4 Kf8 40. b4 Nc7 41. Kg3 Ke7 42. Kf4 Kd7 43. Ke4 Kc6 44. Ra2 Kb5 45. Rc2 Ra7 46. Rb2 Nd5 47. g4 hxg4 48. hxg4 Nxb4 49. f4 Rxa5 50. f5 Kc5 51. Rh2 Nd5 52. Rh7 Ra4+ 53. Kf3 exf5 54. gxf5 Rf4+ 55. Kg3 Rxf5 56. Rxg7 Kd4 57.
Kg4 Kxe5 58. Kg3 Nf6 59. Kg2 Ne4 60. Kg1 Rg5+ 61. Rxg5+ Nxg5 62. Kf2 Kf4 63. Kg2 f5 64.
Kf2 Ne4+ 65. Kg2 Ke3 66. Kf1 Kf3 67. Kg1 f4 68. Kf1 Nd2+ 69. Kg1 Ke2 0-1

[Event "Early-Titled-Tuesday-Blitz-February-20-2024"]
[Site "Chess.com"]
[Date "2024.02.20"]
[Round "9"]
[White "malakismayil"]
[Black "NewYearGirl"]
[Result "1-0"]
[WhiteElo "2524"]
[BlackElo "2352"]
[TimeControl "180+1"]
[EndTime "9:47:47 PST"]
[Termination "malakismayil won by resignation"]

1. e4 c5 2. Nf3 d6 3. Bb5+ Bd7 4. Bxd7+ Qxd7 5. O-O Nc6 6. c4 Nf6 7. Nc3 e5 8. a3 g5 9. d3 g4 10.
Ne1 h5 11. Bg5 Be7 12. Bxf6 Bxf6 13. Nd5 Be7 14. Nc2 O-O-O 15. b4 Rdg8 16. bxc5 dxc5 17. Rb1 h4 18. Qe2 Bd8 19. Rb5 b6 20. a4 Rh6 21. Rfb1 g3 22. fxg3 hxg3 23. h3 Rgh8 24. Qf3 Rh5 25. a5 Nxa5 26. Rxa5 bxa5 27. Nce3 R5h6 28.
Nf5 Rf6 29. Nxf6 Bxf6 30. Qxg3 Bd8 31. Qxe5 Qxd3 32. Qxc5+ Bc7 33. Re1 Qd2 34. Rb1 Qd3 35. Re1 Kb7 36. Qb5+ Bb6+ 37. Kh2 Qc3 38. Qd5+ Kb8 39.
Rd1 Rc8 40. Nd6 Rc7 41. Qg5 a6 42. Qd8+ Ka7 43. Nc8+ Kb7 44. Nxb6 Kxb6 45. Rd6+ Kb7 46. Rd4 Qxc4 47. Rxc4 Rc5 48. Qd5+ Rxd5 49. exd5 1-0

[Event "Early-Titled-Tuesday-Blitz-February-20-2024"]
[Site "Chess.com"]
[Date "2024.02.20"]
[Round "9"]
[White "Jamal-Jamal-Jamal"]
[Black "ural58"]
[Result "0-1"]
[WhiteElo "2270"]
[BlackElo "2496"]
[TimeControl "180+1"]
[EndTime "9:47:47 PST"]
[Termination "ural58 won by checkmate"]

1. d4 d5 2. f3 e5 3. dxe5 Nc6 4.
e4 dxe4 5. Qxd8+ Nxd8 6. fxe4 Bc5 7. Nc3 c6 8. Bf4 Ne6 9. Bg3 Be3 10. Nf3 Ne7 11. Bc4 O-O 12. Ke2 Bh6 13. Rad1 Ng6 14. Rhe1 b5 15. Bb3 a5 16. a4 b4 17. Nb1 Ba6+ 18.
Kf2 Rad8 19. Nbd2 Nc5 20. Nc4 Bxc4 21. Bxc4 Nxa4 22. b3 Nc3 23. Ra1 Ra8 24. h4 Rfe8 25. Kg1 Bf4 26. Bxf4 Nxf4 27. Ng5 Ne6 28. Nxe6 fxe6 29.
Rf1 Nxe4 30. Rf4 Ng3 31. Rd4 Re7 32. Rd6 Kf7 33. Rxc6 Nf5 34. Rf1 Ke8 35. Bxe6 Nd4 36. Bd5 Rd8 37. Rd6 Rxe5 38. Rxd8+ Kxd8 39. Bc4 Nxc2 40.
Rf7 Ne3 41. Rxg7 Nxc4 42. bxc4 b3 43. Rxh7 b2 44. Rb7 Re1+ 45. Kf2 b1=Q 46. Rxb1 Rxb1 47.
g4 a4 48. h5 a3 49. g5 a2 50. g6 a1=Q 51. h6 Qf6+ 52. Kg2 Rf1 53. g7 Qf3+ 54.
Kh2 Rh1# 0-1

[Event "Early-Titled-Tuesday-Blitz-February-20-2024"]
[Site "Chess.com"]
[Date "2024.02.20"]
[Round "9"]
[White "wqws"]
[Black "Chessmissile07"]
[Result "0-1"]
[WhiteElo "2674"]
[BlackElo "2879"]
[TimeControl "180+1"]
[EndTime "9:47:50 PST"]
[Termination "Chessmissile07 won by resignation"]

1. e4 a6 2. d4 e6 3. Nf3 d5 4.
Nc3 Nf6 5. Bd3 Bb4 6. e5 Ne4 7. O-O Nxc3 8. bxc3 Be7 9. Bf4 c5 10. dxc5 Nd7 11. Nd4 Nxc5 12. Qg4 g6 13. Rad1 Bd7 14. c4 Nxd3 15. cxd3 dxc4 16. dxc4 Qc7 17. Bg5 h5 18. Qh4 Bxg5 19. Qxg5 Qd8 20. Nxe6 Qxg5 21. Nxg5 Bc6 22. f4 O-O 23. f5 Rae8 24. e6 f6 25. Nf7 gxf5 26. Nh6+ Kh7 27. Nxf5 Rxe6 28. Nd4 Re4 29. c5 Ba4 30. Nb3 Bxb3 31. axb3 Rf7 32. Rd5 Kg6 33.
Rfd1 Re5 34. b4 Rxd5 35. Rxd5 Re7 36. Kf2 Re4 37. c6 bxc6 38. Rc5 Rxb4 39. Rxc6 a5 40. Rc5 a4 41. Ra5 Rb2+ 42. Kf3 Ra2 43. h4 a3 44. g4 hxg4+ 45. Kxg4 Ra1 46. Kg3 a2 47. Kg2 f5 48. h5+ Kh6 49. Kh2 f4 50. Kg2 f3+ 51. Kxf3 Rf1+ 52. Kg2 a1=Q 0-1

[Event "Early-Titled-Tuesday-Blitz-February-20-2024"]
[Site "Chess.com"]
[Date "2024.02.20"]
[Round "9"]
[White "baki83"]
[Black "LeoLV10"]
[Result "1-0"]
[WhiteElo "2864"]
[BlackElo "2495"]
[TimeControl "180+1"]
[EndTime "9:47:51 PST"]
[Termination "baki83 won on time"]

1. e4 c6 2. d4 d5 3. exd5 cxd5 4. c3 Nc6 5. Bd3 g6 6. h4 Bg7 7. h5 Nf6 8. h6 Bf8 9. Nf3 Bg4 10. Nbd2 Qc7 11. Qa4 O-O-O 12. Bb5 Bxf3 13. Nxf3 Ng4 14. Rh4 f5 15. Bxc6 bxc6 16. Rxg4 fxg4 17. Ne5 Rd6 18.
Nf7 Re6+ 19. Be3 Rg8 20. O-O-O Kd7 21. Rh1 g3 22. Ng5 gxf2 23. Nxe6 Kxe6 24. Qc2 Qg3 25. Bxf2 Qxg2 26. Re1+ Kd7 27. Kb1 Qh3 28. Be3 Qf5 29.
Rh1 Qxc2+ 30. Kxc2 e6 31. Rf1 Ke8 32. Rf6 Be7 33.
Rxe6 Kd7 34. Re5 g5 35. Rf5 g4 36. Rf2 g3 37. Rg2 Bd6 38. Kd3 Ke6 39. Ke2 Kf5 40. Kf3 Rf8 41. Rg1 Kg6+ 42. Kg4 Re8 43. Bc1 Re4+ 44. Kh3 Kh5 45. Rf1 Rh4+ 46. Kg2 Rh2+ 47. Kg1 Rc2 48. Be3 Kg4 49. Rf6 Kh3 50. Rxd6 Rg2+ 51.
Kf1 Rxb2 52. Rd7 Rb1+ 53. Ke2 Rb2+ 54. Kf3 g2 55. Rxh7 Rc2 56. Rg7 Rxc3 57. h7 1-0

[Event "Early-Titled-Tuesday-Blitz-February-20-2024"]
[Site "Chess.com"]
[Date "2024.02.20"]
[Round "9"]
[White "Witik"]
[Black "Boundless_Strike"]
[Result "1-0"]
[WhiteElo "2783"]
[BlackElo "2633"]
[TimeControl "180+1"]
[EndTime "9:47:52 PST"]
[Termination "Witik won on time"]

1. d4 e5 2. c3 d6 3. e4 Nf6 4. Bd3 d5 5. dxe5 Nxe4 6. Bxe4 dxe4 7. Qxd8+ Kxd8 8. Nd2 Nc6 9. Nxe4 Nxe5 10. Bg5+ Ke8 11.
O-O-O f6 12. Bf4 Bf5 13. Bxe5 Bxe4 14. f3 Bg6 15. Bxc7 Bc5 16. Bf4 Kf7 17. Rd7+ Ke6 18.
Rxb7 Rhc8 19. Ne2 Kd5 20. Rd1+ Kc6 21. Rxg7 a5 22. Nd4+ Kb6 23. Ne6 a4 24. Nxc5 Kxc5 25. Rgd7 Kb5 26. R1d5+ Kc4 27. Rd4+ Kb5 28. Rb4+ Kc5 29.
a3 Kc6 30. Rd6+ Kc5 31. Rxf6 Re8 32. Bd6+ Kd5 33. Rd4+ Kc6 34. Bf4+ Kb5 35. Bd2 Rad8 36. Rxd8 Rxd8 37. Rf4 Re8 38. g4 Re2 39. c4+ Kc5 40.
Bb4+ Kc6 41. Bc3 Rg2 42. h4 Bd3 43. Rd4 Bc2 44. Rd2 1-0

[Event "Early-Titled-Tuesday-Blitz-February-20-2024"]
[Site "Chess.com"]
[Date "2024.02.20"]
[Round "9"]
[White "Ordekalog"]
[Black "Evgeny81"]
[Result "0-1"]
[WhiteElo "2618"]
[BlackElo "2767"]
[TimeControl "180+1"]
[EndTime "9:47:52 PST"]
[Termination "Evgeny81 won on time"]

1. d4 c5 2. e3 g6 3. Nf3 Bg7 4. c4 cxd4 5. exd4 d5 6. Nc3 Nf6 7. Be2 dxc4 8. Bxc4 O-O 9. O-O Nc6 10. h3 Bf5 11. Bg5 Nb4 12. Rc1 Rc8 13. Qb3 Nd3 14. Rcd1 Rxc4 15. Qxc4 Nxb2 16. Qb4 Nxd1 17. Rxd1 b6 18.
Ne5 Re8 19. d5 Qd6 20. Qxd6 exd6 21. Nc6 a6 22. g4 Bd7 23. Na4 Ne4 24. Nxb6 Bxg4 25.
Re1 Bc3 26. Re3 Bd2 27. hxg4 Bxe3 28. Bxe3 Nc3 29. a4 Re4 30. Kg2 Nxa4 31. Nc8 Nc3 32. Nxd6 Rxg4+ 33. Kf3 Rg1 34. Ne7+ Kf8 35. Bc5 Na4 36.
Ba3 Kxe7 37. Ne4+ Kd7 38. Nf6+ Kd8 39. d6 Rd1 40. Bb4 h5 41. Ba5+ Kc8 42. Ke2 Rxd6 43. Ne4 Re6 44. Kf3 Re5 45. Bb4 Rf5+ 46. Ke3 Kd7 47.
f3 Ke6 48. Nf2 Re5+ 49. Kd4 Rb5 50. Ke4 Rxb4+ 0-1

[Event "Early-Titled-Tuesday-Blitz-February-20-2024"]
[Site "Chess.com"]
[Date "2024.02.20"]
[Round "9"]
[White "ProChessWICTH"]
[Black "jodarmarlon1985"]
[Result "1-0"]
[WhiteElo "2468"]
[BlackElo "2173"]
[TimeControl "180+1"]
[EndTime "9:47:55 PST"]
[Termination "ProChessWICTH won by checkmate"]

1. e4 e5 2. Nf3 Nc6 3. d4 exd4 4. Bc4 Nf6 5. e5 Ng4 6. O-O Be7 7. Re1 d6 8. e6 Bxe6 9. Bxe6 fxe6 10. Rxe6 O-O 11.
Re1 Nce5 12. Nbd2 d3 13. cxd3 Bh4 14. g3 Bf6 15. Nxe5 Nxe5 16. Ne4 Kh8 17. Kg2 d5 18. Nxf6 Qxf6 19. Be3 Nf3 20. Re2 d4 21. Bf4 Nh4+ 22. Kg1 Ng6 23. Bxc7 Rac8 24. Rc1 Qf3 25. Rd2 Qxd1+ 26.
Rdxd1 Rfe8 27. Kf1 Kg8 28. Ba5 Ne5 29. Rxc8 Rxc8 30.
f4 Ng4 31. Rd2 Rc1+ 32. Kg2 Ne3+ 33. Kf3 Nf1 34. Rf2 Kf7 35. Ke4 Ke6 36. Kxd4 b6 37. Bc3 Rd1 38. Ke4 h5 39. Kf3 Rxd3+ 40. Ke2 Rd5 41. Rxf1 Kf5 42. Rd1 Rb5 43. Kf2 Kg4 44. Re1 a5 45. Kg2 a4 46. h3+ Kf5 47. Re5+ Rxe5 48.
Bxe5 g6 49. Kf3 b5 50. g4+ hxg4+ 51. hxg4+ Ke6 52. Ke4 b4 53. a3 b3 54. f5+ gxf5+ 55. gxf5+ Kf7 56. Kd5 Kf8 57. Ke6 Ke8 58. f6 Kf8 59. Bd6+ Ke8 60. f7+ Kd8 61. f8=Q# 1-0

[Event "Early-Titled-Tuesday-Blitz-February-20-2024"]
[Site "Chess.com"]
[Date "2024.02.20"]
[Round "9"]
[White "AttackSparrow"]
[Black "adotand"]
[Result "1-0"]
[WhiteElo "2637"]
[BlackElo "2908"]
[TimeControl "180+1"]
[EndTime "9:47:56 PST"]
[Termination "AttackSparrow won by checkmate"]

1. Nf3 Nf6 2. c4 b6 3. g3 Bb7 4.
Bg2 g6 5. O-O Bg7 6. Nc3 O-O 7.
Re1 d6 8. e4 c5 9. d3 Nfd7 10.
Bg5 Nc6 11. Qd2 Re8 12. Nd5 Nde5 13. Rab1 Nxf3+ 14. Bxf3 Nd4 15. Bg2 b5 16. b3 a5 17.
Ne3 Ne6 18. Nc2 Nxg5 19. Qxg5 Bc6 20. Qd2 Rb8 21. h4 a4 22. h5 e5 23. b4 cxb4 24.
Nxb4 Bd7 25. cxb5 Rxb5 26. Nd5 Rxb1 27. Rxb1 gxh5 28. Qe2 h4 29. Qh5 hxg3 30. fxg3 Be6 31. Rb7 Rf8 32. Kh2 Kh8 33. Bh3 Qc8 34. Rb2 Qc1 35. Rf2 Qe1 36. Kg2 Bxh3+ 37. Qxh3 Qd1 38. g4 Qc1 39. Qh5 h6 40. g5 Qxg5+ 41. Qxg5 hxg5 42.
Kh3 f6 43. Kg4 Kg8 44. Kf5 Kf7 45. Rb2 g4 46. Rb7+ Kg8 47. Kg6 Kh8 48. Rxg7 g3 49. Rh7+ Kg8 50. Ne7# 1-0